 Dungeon Crawl Stone Soup version 0.30-a0-374-g95c0257040 (webtiles) character file.

Game seed: 501331187379495760

527 pokeman the Magician (level 7, -4/38 HPs)
             Began as a Deep Elf Hedge Wizard on Nov 25, 2022.
             Was an Initiate of Vehumet.
             Slain by a gnoll
             ... wielding a +0 halberd
             ... led by a gnoll bouda
              (10 damage)
             ... on level 5 of the Dungeon.
             The game lasted 00:08:11 (4487 turns).

pokeman the Magician (Deep Elf Hedge Wizard)        Turns: 4487, Time: 00:08:12

Health: -4/38      AC:  6    Str:  7    XL:     7   Next: 3%
Magic:  11/20      EV: 12    Int: 21    God:    Vehumet [......]
Gold:   85         SH:  0    Dex: 14    Spells: 13/21 levels left

rFire   . . .      SeeInvis .    r - +9 hammer of the Unspeakable One {pain, Will++}
rCold   . . .      Faith    .    (no shield)
rNeg    + . .      Spirit   .    h - +0 leather armour
rPois   +          Reflect  .    B - +0 helmet
rElec   .          Harm     .    q - +0 cloak {rPois}
rCorr   .          Rampage  .    n - +0 pair of gloves
Will    ++...                    (no boots)
Stlth   ++........               (no amulet)
HPRegen 0.26/turn                C - ring of flight
MPRegen 0.17/turn                E - ring of positive energy

@: flying
A: no striking features
a: Renounce Religion


You were on level 5 of the Dungeon.
You worshipped Vehumet.
Vehumet was noncommittal.
You visited 1 branch of the dungeon, and saw 5 of its levels.

You collected 85 gold pieces.

Inventory:

Hand Weapons
 f - a +2 short sword of venom
 m - a +2 sling of freezing
 p - a +3 quarterstaff of chaos
 r - the +9 hammer of the Unspeakable One (weapon) {pain, Will++}
   (You found it on level 2 of the Dungeon)

   In the hands of one skilled in necromantic magic, it inflicts extra damage on
   living creatures.
   Will:      It greatly increases your willpower.
 u - the +6 spear "Mauby" {speed, Int+3 Dex+2}
   (You found it on level 3 of the Dungeon)

   Attacks with this weapon are significantly faster.
   Int:       It affects your intelligence (+3).
   Dex:       It affects your dexterity (+2).
 w - the +8 dagger of Attainder {freeze, rCorr}
   (You found it on level 4 of the Dungeon)

   It freezes those it strikes, dealing additional cold damage.
   It can also slow down cold-blooded creatures.
   rCorr:     It protects you from acid and corrosion.
 F - the +5 rapier of the First Scars {vorpal, Will- Dex+5}
   (You found it on level 4 of the Dungeon)

   It inflicts extra damage upon your enemies.
   Dex:       It affects your dexterity (+5).
   Will:      It decreases your willpower.
Missiles
 z - a throwing net
Armour
 h - a +0 leather armour (worn)
 n - a +0 pair of gloves (worn)
 q - a +0 cloak of poison resistance (worn)
 s - an orb of mayhem
 B - a +0 helmet (worn)
Magical Staves
 o - a staff of poison
Jewellery
 y - a ring of ice
 C - a ring of flight (left hand)
 E - a ring of positive energy (right hand)
Wands
 x - a wand of iceblast (7)
Scrolls
 b - 2 scrolls of identify {unknown}
 c - a scroll of blinking {unknown}
 g - 2 scrolls of enchant weapon {unknown}
 i - 2 scrolls of noise {unknown}
 j - a scroll of amnesia {unknown}
 k - a scroll of teleportation {unknown}
 l - a scroll of immolation {unknown}
 v - a scroll of enchant armour {unknown}
Potions
 a - a potion of flight {unknown}
 d - a potion of magic
 e - 3 potions of degeneration {unknown}
 t - 2 potions of haste {unknown}
 A - a potion of lignification {unknown}
 D - a potion of ambrosia {unknown}


   Skills:
 + Level 1.4 Fighting
 - Level 1.0 Armour
 - Level 3.0 Dodging
 - Level 3.0 Stealth
 * Level 7.5 Spellcasting
 + Level 3.6 Conjurations
 - Level 1.1 Summonings
 - Level 2.0 Necromancy
 - Level 1.1 Translocations
 + Level 1.3 Air Magic
 - Level 1.2 Poison Magic
 - Level 1.0 Evocations


You had 13 spell levels left.
You knew the following spells:

 Your Spells              Type           Power      Damage    Failure   Level
a - Magic Dart            Conj           92%        1d7       2%          1
b - Mephitic Cloud        Conj/Pois/Air  16%        N/A       16%         3
c - Call Imp              Summ           12%        N/A       12%         2
d - Blink                 Tloc           24%        N/A       12%         2

Your spell library contained the following spells:

 Spells                   Type           Power      Damage    Failure   Level
 Sublimation of Blood     Necr           16%        N/A       9%          2
 Cigotuvi's Dreadful Rot  Necr/Pois/Air  28%        N/A       10%         2
 Slow                     Hex            28%        N/A       12%         1
 Call Canine Familiar     Summ           12%        N/A       24%         3
 Portal Projectile        Hex/Tloc       20%        N/A       28%         3
 Leda's Liquefaction      Hex/Erth       3%         N/A       77%         4
 Petrify                  Tmut/Erth      7%         N/A       77%         4
 Irradiate                Conj/Tmut      7%         3d14      85%         5


Dungeon Overview and Level Annotations

Branches:
Dungeon (5/15)
 Temple: D:4-7

Altars:
Vehumet


Message History

The orc priest is severely wounded.
The orc priest hits you with a +0 trident.
The orc completely misses you.
You hit the orc priest.
You kill the orc priest!
Vehumet accepts your kill. The orc hits you with a +0 flail.
* * * LOW HITPOINT WARNING * * *
The orc hits you with a +0 flail.
* * * LOW HITPOINT WARNING * * *
You have reached level 7!
Casting: Magic Dart (safe; 2% risk of failure)
Confirm with . or Enter, or press ? or * to list all spells.
The spell is quite dangerous to miscast (16% risk of failure)!
Continue anyway?
Aiming: Mephitic Cloud (quite dangerous; 16% risk of failure)
Press: ? - help, Shift-Dir - straight line The ball explodes into a vile cloud!
The stinking cloud engulfs the gnoll but does no damage.
The stinking cloud engulfs the orc but does no damage.
The orc is moderately wounded.
You hear an angry hiss.
The gnoll is engulfed in noxious fumes.
The gnoll appears confused.
The orc is engulfed in noxious fumes.
The orc barely misses you.
Unknown command.
Unknown command.
You hit the orc but do no damage.
The orc is moderately wounded.
The gnoll is engulfed in noxious fumes.
The gnoll appears confused.
The orc is engulfed in noxious fumes.
The orc appears confused.
The orc closely misses you.
A phantom comes into view.
Unknown command.
You sock the orc!
You kill the orc!
Vehumet accepts your kill.
The gnoll is engulfed in noxious fumes.
The gnoll appears confused.
Unknown command.
The gnoll chortles and stares into space.
The gnoll hits you with a +0 halberd!
You die...

##### ...
#..###.#
#....g@#
##.##°.).....#
#.######.# #W
#) .. ##


You could see a phantom and a gnoll (confused).

Vanquished Creatures
  Eustachio (D:4)
  Crazy Yiuf (D:2)
  An orc priest (D:5)
  2 iguanas
  2 orc wizards
  Robin (D:4)
  6 gnolls
  6 adders
  A worm (D:2)
  3 dart slugs
  2 orcs
  6 bats
  11 endoplasms
  A giant cockroach (D:1)
  13 goblins
  15 hobgoblins
  5 quokkas
  4 ball pythons
  A frilled lizard (D:1)
  7 kobolds
  5 rats
94 creatures vanquished.

Notes
Turn   | Place    | Note
-------+----------+-------------------------------------------
     0 | D:1      | pokeman the Deep Elf Hedge Wizard began the quest for the
                  | Orb.
     0 | D:1      | Reached XP level 1. HP: 10/10 MP: 7/7
   194 | D:1      | Reached XP level 2. HP: 15/16 MP: 1/9
   654 | D:1      | Reached skill level 5 in Spellcasting
   760 | D:1      | Reached XP level 3. HP: 20/20 MP: 8/11
   764 | D:1      | Learned a level 3 spell: Mephitic Cloud
   767 | D:1      | Learned a level 2 spell: Call Imp
   770 | D:1      | Learned a level 2 spell: Blink
  1235 | D:2      | Reached skill level 1 in Armour
  1370 | D:2      | Reached skill level 1 in Fighting
  1588 | D:2      | Reached XP level 4. HP: 25/25 MP: 2/13
  1932 | D:2      | Found a runed translucent door.
  1933 | D:2      | Noticed Crazy Yiuf
  1987 | D:2      | Killed Crazy Yiuf
  2057 | D:2      | Identified the +9 hammer of the Unspeakable One {pain,
                  | Will++}
  2703 | D:3      | Identified the +6 spear "Mauby" {speed, Int+3 Dex+2}
  2870 | D:3      | Reached skill level 6 in Spellcasting
  2870 | D:3      | Reached XP level 5. HP: 22/29 MP: 12/15
  3347 | D:4      | Identified the +8 dagger of Attainder {freeze, rCorr}
  3373 | D:4      | Reached skill level 1 in Evocations
  3400 | D:4      | Found a radiant altar of Vehumet.
  3405 | D:4      | Became a worshipper of Vehumet
  3409 | D:4      | Noticed Eustachio
  3422 | D:4      | Killed Eustachio
  3423 | D:4      | Reached skill level 1 in Necromancy
  3423 | D:4      | Reached skill level 1 in Poison Magic
  3423 | D:4      | Reached XP level 6. HP: 28/34 MP: 14/17
  3478 | D:4      | Reached skill level 7 in Spellcasting
  3711 | D:4      | Noticed Robin
  3732 | D:4      | Killed Robin
  4103 | D:4      | Identified the +5 rapier of the First Scars {vorpal, Will-
                  | Dex+5}
  4393 | D:5      | Entered Level 5 of the Dungeon
  4403 | D:5      | Reached skill level 1 in Air Magic
  4484 | D:5      | Reached XP level 7. HP: 5/38 MP: 13/20
  4487 | D:5      | Slain by a gnoll

Illustrated notes

Levels and vault maps discovered:
D:1:      heliophobic_arrival_battle_scene, layout_rooms,
          minmay_misc_feat_doors, st_stairs_13, minmay_tetromino_i4
D:2:      layout_loops_ring, uniq_crazy_yiuf_cottage
D:3:      layout_loops_cross
D:4:      layout_basic, mainiacjoe_overflow_chevrons, serial_bayou,
          serial_bayou_pond_d, serial_bayou_pond_e, serial_bayou_pond_c,
          serial_bayou_lake_a, st_stairs_14, kennysheep_boxes, uniq_robin,
          uniq_eustachio
D:5:      layout_loops_ring, nicolae_overflow_hidden_temple, temple_doors_ab,
          hangedman_decor_opposing, uniq_prince_ribbit1

Skill      XL: |  1  2  3  4  5  6 |
---------------+-------------------+-----
Spellcasting   | 5 6 7 |  7.5
Armour         | 1 |  1.0
Conjurations   | 2 3 |  3.6
Fighting       | 1 |  1.4
Dodging        | 3 |  3.0
Stealth        | 3 |  3.0
Evocations     | 1 |  1.0
Necromancy     | 1 2 |  2.0
Poison Magic   | 1 |  1.2
Air Magic      | 1 |  1.3
Summonings     | |  1.1
Translocations | |  1.1

Action                   |  1- 3 |  4- 6 |  7- 9 || total
-------------------------+-------+-------+-------++-------
Melee: Dagger            |    20 |       |       ||    20
       Mace              |       |    25 |     2 ||    27
       Punch             |       |     1 |       ||     1
 Fire: Sling             |       |     6 |       ||     6
 Cast: Magic Dart        |   112 |   107 |       ||   219
       Call Imp          |       |     5 |       ||     5
       Mephitic Cloud    |       |     6 |     1 ||     7
 Stab: Confused          |       |     6 |       ||     6
Armor: Robe              |     6 |       |       ||     6
       Leather armour    |     3 |     4 |       ||     7
Dodge: Dodged            |    18 |    20 |     2 ||    40

Table legend: (Time is in decaauts)
 A = Elapsed time spent in this place.
 B = Non-inter-level travel time spent in this place.
 C = Inter-level travel time spent in this place.
 D = Time resting spent in this place.
 E = Time spent auto-exploring this place.
 F = Levels seen in this place.
 G = Mean time per level.
                   A        B        C        D        E       F      G
               +--------+--------+--------+--------+--------+-----+--------+
         Total |   4519 |   4326 |    193 |    127 |   3594 |   5 |  903.8 |
       Dungeon |   4519 |   4326 |    193 |    127 |   3594 |   5 |  903.8 |
               +--------+--------+--------+--------+--------+-----+--------+

Top non-repeatable levels by time:
     D:2: 1233 daAuts
     D:1: 1213 daAuts
     D:4: 1147 daAuts
     D:3: 899 daAuts
     D:5: 25 daAuts
